 Dungeon Crawl Stone Soup version 0.20.1-1-g8b1a95d (webtiles) character file.

799 Knicklaso the Slasher (level 7, -6/44 HPs)
             Began as a Tengu Fighter on July 21, 2017.
             Was an Initiate of Ashenzari.
             Mangled by Prince Ribbit (7 damage)
             ... on level 5 of the Dungeon.
             The game lasted 00:10:06 (4954 turns).

Knicklaso the Slasher (Tengu Fighter)               Turns: 4954, Time: 00:10:06

Health: -6/44      AC: 15    Str: 18    XL:     7   Next: 90%
Magic:  8/8        EV:  6    Int:  8    God:    Ashenzari [......]
Gold:   228        SH:  0    Dex: 14    Spells: 6/6 levels left

rFire    . . .     SeeInvis .   a - +0 long sword
rCold    . . .     Gourm    .   (no shield)
rNeg     . . .     Faith    .   E - +0 plate armour (curse)
rPois    .         Spirit   .   (helmet restricted)
rElec    .         Reflect  .   (no cloak)
rCorr    .         Harm     .   (no gloves)
MR       .....                  (boots unavailable)
Stlth    ..........             (no amulet)
Regen    0.2/turn               y - +3 ring of protection (curse)
MPRegen  0.2/turn               (no ring)

@: drained
A: beak, talons 3, able to fly 1
a: Fly, Curse Item, Renounce Religion


You were on level 5 of the Dungeon.
You worshipped Ashenzari.
Ashenzari was noncommittal.
You were hungry.

You visited 2 branches of the dungeon, and saw 6 of its levels.

You collected 228 gold pieces.

Inventory:

Hand Weapons
 a - a +0 long sword (weapon)
Armour
 E - a cursed +0 plate armour (worn)
Jewellery
 y - a cursed +3 ring of protection (left hand)
Wands
 n - a wand of random effects (32/48)
 B - a wand of acid (4/15)
 D - a wand of paralysis (15/24)
Scrolls
 c - a scroll of fog {unknown}
 h - 4 scrolls of identify {unknown}
 i - 3 scrolls of teleportation {unknown}
 j - 2 scrolls of enchant armour {unknown}
 l - a scroll of enchant weapon {unknown}
 m - 2 scrolls of fear {unknown}
 t - 2 scrolls of recharging {unknown}
 u - a scroll of amnesia {unknown}
 w - 3 scrolls of magic mapping {unknown}
Potions
 d - 2 potions of might
 e - 2 potions of agility {unknown}
 k - a potion of flight {unknown}
 o - a potion of brilliance {unknown}
 p - a potion of heal wounds {unknown}
 q - 5 potions of curing {unknown}
 r - 2 potions of magic {unknown}
 v - a potion of degeneration {unknown}
 C - 3 potions of mutation {unknown}
Comestibles
 f - 8 bread rations
 s - 4 meat rations
 x - 4 fruits
 A - a royal jelly


   Skills:
 + Level 4.8(3.9) Fighting
 * Level 6.2(5.3) Long Blades
 + Level 5.5(4.7) Armour
 + Level 3.6(2.8) Dodging
   Level 3.0(2.2) Shields


You had 6 spell levels left.
You didn't know any spells.

Dungeon Overview and Level Annotations

Branches:
Dungeon (5/15)             Temple (1/1) D:4

Altars:
Ashenzari
Cheibriados
Dithmenos
Elyvilon
Fedhas
Gozag
Hepliaklqana
Kikubaaqudgha
Makhleb
Nemelex Xobeh
Okawaru
Qazlal
Ru
Sif Muna
Trog
Vehumet
Xom
Yredelemnul
Zin
The Shining One

Annotations:
D:3 kupiprodaypochku's ghost, amateur MiBe
D:5 Blork the orc; Prince Ribbit


Innate Abilities, Weirdness & Mutations

You have a beak for a mouth.
You have claws for feet.
You can fly.


Message History

* * * LOW HITPOINT WARNING * * *
You feel drained.
* * * LOW HITPOINT WARNING * * *
Your plate armour prevents you from hitting Prince Ribbit.
You claw Prince Ribbit!
Prince Ribbit is severely wounded.
Prince Ribbit blinks!
You hear some strange, mumbled words.
A puff of frost appears from out of thin air!
The puff of frost hits you!
* * * LOW HITPOINT WARNING * * *
You closely miss Prince Ribbit.
Prince Ribbit is severely wounded.
Prince Ribbit blinks!
Something hits you.
* * * LOW HITPOINT WARNING * * *
You feel drained.
* * * LOW HITPOINT WARNING * * *
Unknown command.
Prince Ribbit hits you!
You die...

....+ #...
#...#
#...##...#
#..!##..[#
#...##...#
#...##...#
#...##.<.##
#.........#
#...@F....#
#.§.##...##
#..§######
+....
#.....
##+####


You could see Prince Ribbit.

Vanquished Creatures
  2 ogres (D:4)
  A scorpion (D:4)
  A howler monkey (D:4)
  A hound (D:4)
  2 orc priests (D:4)
  4 orc wizards
  Jessica (D:2)
  Natasha (thrice) (D:2)
  2 worker ants (D:4)
  9 adders
  An adder skeleton (D:4)
  3 dart slugs
  4 leopard geckos
  14 orcs
  6 giant cockroaches
  10 goblins
  6 hobgoblins
  7 jackals (D:3)
  4 kobolds
  2 quokkas
  A ball python (D:1)
  12 bats
  4 frilled lizards
  5 rats
105 creatures vanquished.

Notes
Turn   | Place    | Note
-------+----------+-------------------------------------------
     0 | D:1      | Knicklaso the Tengu Fighter began the quest for the Orb.
     0 | D:1      | Reached XP level 1. HP: 14/14 MP: 2/2
    47 | D:1      | Reached XP level 2. HP: 9/19 MP: 3/3
   317 | D:1      | Reached skill level 3 in Long Blades
   522 | D:1      | Reached XP level 3. HP: 23/23 MP: 4/4
  1065 | D:2      | Noticed Natasha
  1070 | D:2      | Killed Natasha
  1070 | D:2      | Reached skill level 1 in Dodging
  1070 | D:2      | Reached XP level 4. HP: 25/28 MP: 5/5
  1290 | D:2      | Noticed Natasha
  1299 | D:2      | Killed Natasha
  1299 | D:2      | Reached skill level 4 in Long Blades
  1299 | D:2      | Gained mutation: You can fly. [Tengu growth]
  1299 | D:2      | Reached XP level 5. HP: 17/32 MP: 6/6
  1307 | D:2      | Noticed Natasha
  1311 | D:2      | Killed Natasha
  1549 | D:2      | Noticed Jessica
  1557 | D:2      | Killed Jessica
  1897 | D:3      | Reached XP level 6. HP: 29/38 MP: 7/7
  2027 | D:3      | Found a white marble altar of Elyvilon.
  2449 | D:3      | Noticed kupiprodaypochku's ghost (amateur MiBe)
  3126 | D:4      | Reached skill level 5 in Long Blades
  3153 | D:4      | Reached skill level 5 in Armour
  3153 | D:4      | Reached XP level 7. HP: 7/43 MP: 8/8
  3856 | D:4      | Found a staircase to the Ecumenical Temple.
  4158 | D:4      | Reached skill level 6 in Long Blades
  4161 | D:4      | Found a basalt altar of Yredelemnul.
  4542 | Temple   | Entered the Ecumenical Temple
  4874 | Temple   | Became a worshipper of Ashenzari the Shackled
  4938 | D:5      | Entered Level 5 of the Dungeon
  4946 | D:5      | Noticed Prince Ribbit
  4947 | D:5      | Noticed Blork the orc
  4953 | D:5      | HP: 2/44 [something (4)]
  4954 | D:5      | Mangled by Prince Ribbit

Skill      XL: |  1  2  3  4  5  6  7 |
---------------+----------------------+-----
Long Blades    | 3 4 5 6 |  6.2
Dodging        | 1 2 3 |  3.6
Armour         | 4 5 |  5.5
Fighting       | 4 |  4.8
Shields        | |  3.0

Action                   |  1- 3 |  4- 6 |  7- 9 || total
-------------------------+-------+-------+-------++-------
Melee: Long sword        |    41 |   134 |    49 ||   224
       Peck              |     8 |    26 |    11 ||    45
       Kick              |     7 |    37 |    19 ||    63
Invok: Curse Item        |       |       |     2 ||     2
  Eat: Chunk             |       |     7 |     5 ||    12
Armor: Scale mail        |    20 |    57 |     9 ||    86
       Plate armour      |       |       |     4 ||     4
Dodge: Dodged            |    28 |    82 |    25 ||   135
       Rpst.: Long sword |     7 |    31 |     9 ||    47
